 Dungeon Crawl Stone Soup version 0.29.0 (webtiles) character file.

Game seed: 14087348441221709939

862 iguanaiguana the Skirmisher (level 7, -7/33 HPs)
             Began as a Spriggan Transmuter on Aug 25, 2022.
             Was a Follower of Fedhas.
             Killed by divine providence
             ... invoked by an orc priest
              (15 damage)
             ... on level 4 of the Dungeon.
             The game lasted 00:34:22 (12293 turns).

iguanaiguana the Skirmisher (Spriggan Transmuter)  Turns: 12293, Time: 00:34:22

Health: -7/33      AC:  2    Str:  6    XL:     7   Next: 72%
Magic:  12/12      EV: 17    Int: 15    God:    Fedhas [*.....]
Gold:   286        SH:  0    Dex: 17    Spells: 8/11 levels left

rFire   . . .      SeeInvis +   e - +0 shortbow
rCold   . . .      Faith    .   (shield currently unavailable)
rNeg    . . .      Spirit   .   d - +0 robe
rPois   .          Reflect  .   (helmet restricted)
rElec   .          Harm     .   (no cloak)
rCorr   .          Rampage  .   (gloves unavailable)
Will    +....                   (boots unavailable)
Stlth   ++........              (no amulet)
HPRegen 0.11/turn               (no ring)
MPRegen 0.13/turn               (no ring)

@: very quick
A: very small, no large weapons, unfitting armour, see invisible, speed 3
a: Renounce Religion


You were on level 4 of the Dungeon.
You worshipped Fedhas.
Fedhas was aware of your devotion.
You visited 1 branch of the dungeon, and saw 5 of its levels.

You collected 286 gold pieces.

Inventory:

Hand Weapons
 a - a +0 sling
 e - a +0 shortbow (weapon)
 s - a +1 spear of flaming
Missiles
 i - 3 poisoned darts
 r - 6 atropa-tipped darts
Armour
 d - a +0 robe (worn)
 x - a scarf of shadows
Wands
 m - a wand of quicksilver (7)
Scrolls
 f - a scroll of amnesia {unknown}
 h - 4 scrolls of teleportation {@r3}
 l - a scroll of immolation {unknown}
 p - a scroll of vulnerability {unknown}
 q - 3 scrolls of identify {@r1}
 t - 2 scrolls of blinking {unknown}
Potions
 b - a potion of lignification
 c - 5 potions of degeneration {unknown}
 g - a potion of haste {unknown}
 j - 2 potions of magic {unknown}
 k - 2 potions of heal wounds {@q2}
 n - a potion of mutation {unknown}
 o - a potion of curing {@q1}
 u - a potion of might {unknown}
 v - a potion of attraction {unknown}
 w - 2 potions of brilliance {unknown}


   Skills:
 - Level 1.6 Fighting
 - Level 8.0 Ranged Weapons
 - Level 2.6 Dodging
 - Level 2.0 Stealth
 - Level 2.4 Unarmed Combat
 - Level 2.6 Spellcasting
 + Level 0.8 Hexes
 - Level 4.0 Transmutations


You had 8 spell levels left.
You knew the following spells:

 Your Spells              Type           Power      Damage    Failure   Level
a - Beastly Appendage     Tmut           28%        N/A       4%          1
b - Wereblood             Tmut           14%        N/A       6%          2

Your spell library contained the following spells:

 Spells                   Type           Power      Damage    Failure   Level
 Slow                     Hex            16%        N/A       16%         1
 Spider Form              Tmut/Pois      8%         N/A       26%         3
 Confusing Touch          Hex            4%         N/A       41%         3
 Vampiric Draining        Necr           2%         2d6       52%         3
 Ice Form                 Ice/Tmut       8%         N/A       65%         4


Dungeon Overview and Level Annotations

Branches:
Dungeon (5/15) Zot: 20178  Temple (0/1) D:5

Altars:
Dithmenos
Fedhas
Kikubaaqudgha
Vehumet
Lugonu

Shops:
D:1 [

Portals:
Abyss: D:3

Annotations:
D:3 Grinder


Innate Abilities, Weirdness & Mutations

You are very small and have problems with some larger weapons.
You are too small for most types of armour.
You have supernaturally acute eyesight. (SInv)
You cover ground extremely quickly. (Speed+++)


Message History

The gnoll shouts!
You shoot an arrow. The arrow hits the gnoll!
The gnoll is heavily wounded.
You shoot an arrow. The arrow hits the gnoll.
You kill the gnoll!
Fedhas appreciates your contribution to the ecosystem.
Found a +0 spear and a scroll labelled UHAILO IDDUITEDGH.
You see here a +0 spear.
t - 2 scrolls labelled UHAILO IDDUITEDGH (gained 1)
The orc warrior shouts!
The orc warrior shoots a bolt.
The bolt hits you!!
Ouch! That really hurt!
* * * LOW HITPOINT WARNING * * *
You see here a +0 club.
There is a stone staircase leading up, spattered with blood here. 2 stones; a +0 mace You climb upwards.
There is a stone staircase leading down here.
You start resting.
An orc priest is nearby!
You are too injured to fight recklessly!
There is a stone staircase leading down here.
You start resting.
HP restored.
The orc priest shouts!
You shoot an arrow. You shoot an arrow. The arrow hits the orc priest.
The orc priest is heavily wounded.
You shoot an arrow. The arrow hits the orc priest.
The orc priest is almost dead.
The orc priest drinks a potion.
The orc priest is healed!
The orc priest zaps a wand.
The bolt of dispelling energy hits you!!
Ouch! That really hurt!
* * * LOW HITPOINT WARNING * * *
You are too injured to fight recklessly!
The orc priest mumbles some strange prayers to Beogh against you.
Beogh smites you!
You die...
Fedhas appreciates your contribution to the ecosystem.

..#**,**,**,*#.............#
..# *,*****,*###.#########.##
.## *,,,,g,,##......# #...# ##
********#.....#.# #...# ##
#..#..#.# #...# .# #######
#.....#.# #...# .# #.....#
##...#.#.#####...##### .#
#.....###......#.......).>....
.#
#......#.....@..........)..#..
.#
#......#.......##.............
.#
#......#.......#####.#....####
.# ##....o.......## #.#....#
.# #............# #.#....#
.####..##.#.)#.#.## #.#....#
##........#..#..#.##
##......##
#.##..#.......###.###:.......#
#.##..#.##..#.>#.......##..#.#


You could see an orc priest.

Vanquished Creatures
  A centaur (D:5)
  A phantom (D:4)
  A gnoll sergeant (D:4)
  A scorpion (D:4)
  2 hounds
  A gnoll bouda (D:4)
  2 orc priests
  An iguana (D:4)
  Jessica (D:2)
  Robin (D:3)
  20 gnolls
  7 adders
  2 ufetubi
  A worm (D:2)
  7 dart slugs
  4 orcs
  6 ball pythons
  4 endoplasms
  3 giant cockroaches
  12 goblins
  9 hobgoblins
  7 jackals (D:1)
  4 kobolds
  4 quokkas
  6 bats
  7 frilled lizards
  7 rats
  A lurking horror (D:3)
123 creatures vanquished.

Notes
Turn   | Place    | Note
-------+----------+-------------------------------------------
     0 | D:1      | iguanaiguana the Spriggan Transmuter began the quest for
                  | the Orb.
     0 | D:1      | Reached XP level 1. HP: 9/9 MP: 5/5
    28 | D:1      | Found Juxig's Antique Armour Emporium.
   282 | D:1      | Reached XP level 2. HP: 11/14 MP: 4/6
   285 | D:1      | Learned a level 2 spell: Wereblood
   581 | D:1      | Reached skill level 1 in Stealth
  1058 | D:1      | Reached skill level 1 in Ranged Weapons
  1058 | D:1      | Reached XP level 3. HP: 14/17 MP: 8/8
  1458 | D:1      | Reached skill level 2 in Ranged Weapons
  1707 | D:2      | You fall into a shaft and drop 1 floor!
  1810 | D:2      | Noticed Jessica
  2228 | D:1      | Reached XP level 4. HP: 14/21 MP: 9/9
  2646 | D:2      | Reached skill level 3 in Ranged Weapons
  2854 | D:2      | Killed Jessica
  2865 | D:2      | Reached XP level 5. HP: 25/25 MP: 10/10
  3280 | D:3      | Reached skill level 4 in Ranged Weapons
  3529 | D:3      | Noticed Grinder
  4577 | D:3      | Noticed Robin
  5470 | D:3      | Killed Robin
  5535 | D:3      | Found a one-way gate to the infinite horrors of the Abyss.
  5536 | D:3      | Found a corrupted altar of Lugonu.
  6043 | D:3      | Reached skill level 5 in Ranged Weapons
  6533 | D:2      | Reached XP level 6. HP: 22/29 MP: 9/11
  6757 | D:4      | Found an ancient bone altar of Kikubaaqudgha.
  6951 | D:4      | Found a radiant altar of Vehumet.
  7042 | D:4      | Found a blossoming altar of Fedhas.
  7049 | D:4      | Became a worshipper of Fedhas Madash
  7253 | D:5      | Entered Level 5 of the Dungeon
  7863 | D:4      | Reached skill level 6 in Ranged Weapons
  7895 | D:5      | Found a staircase to the Ecumenical Temple.
  8184 | D:5      | Found a shadowy altar of Dithmenos.
  8533 | D:4      | Reached XP level 7. HP: 32/32 MP: 12/12
  9326 | D:4      | Reached skill level 7 in Ranged Weapons
 10127 | D:4      | Found a radiant altar of Vehumet.
 10203 | D:4      | Found a blossoming altar of Fedhas.
 11522 | D:5      | Reached skill level 8 in Ranged Weapons
 11522 | D:5      | Reached skill level 1 in Fighting
 11977 | D:5      | Reached * piety under Fedhas
 12293 | D:4      | Killed from afar by an orc priest

Illustrated notes

Levels and vault maps discovered:
D:1:      psy_arrival_conway, layout_loops_ring, serial_shops, shop
D:2:      layout_rooms, uniq_jessica
D:3:      layout_basic, minmay_crystal_water, nicolae_hexahallways,
          minmay_misc_feat_plants, amcnicky_altar_lugonu_corruption,
          uniq_grinder, uniq_robin
D:4:      layout_loops_cross, kiku_gazebo_pond_becter, lemuel_round_altar,
          vehumet_crystals
D:5:      layout_basic, grunt_dithmenos_shadows, minmay_temple_entry_wispy,
          nrook_mini_backslash

Skill      XL: |  1  2  3  4  5  6  7 |
---------------+----------------------+-----
Transmutations | 3 4 |  4.0
Stealth        | 2 |  2.0
Ranged Weapons | 1 2 3 5 6 8 |  8.0
Fighting       | 1 |  1.6
Dodging        | |  2.6
Unarmed Combat | |  2.4
Spellcasting   | |  2.6
Hexes          | |  0.8

Action                   |  1- 3 |  4- 6 |  7- 9 || total
-------------------------+-------+-------+-------++-------
Melee: Unarmed           |    55 |     7 |    27 ||    89
       Kick              |    14 |     1 |     5 ||    20
       Headbutt          |     8 |     1 |     5 ||    14
       Punch             |     1 |       |     2 ||     3
 Fire: Sling             |   101 |   374 |   133 ||   608
       Shortbow          |       |       |     8 ||     8
 Cast: Beastly Appendage |    14 |     2 |     4 ||    20
       Wereblood         |     4 |       |     3 ||     7
  Use: Scroll            |     3 |     4 |       ||     7
       Potion            |       |       |     1 ||     1
Armor: Robe              |     7 |    11 |     2 ||    20
Dodge: Dodged            |    75 |    67 |    58 ||   200
